 Dungeon Crawl Stone Soup version 0.21.1-1-g345015fe64 (webtiles) character file.

31 Ivernyr the Charmwright (level 3, 28/28 HPs)
             Began as a Demonspawn Skald on Apr 28, 2018.
             Quit the game on level 2 of the Dungeon.
             The game lasted 00:02:55 (1076 turns).

Ivernyr the Charmwright (Demonspawn Skald)          Turns: 1076, Time: 00:02:55

Health: 28/28      AC:  8    Str: 11    XL:     3   Next: 7%
Magic:  3/6        EV: 11    Int: 17    God:
Gold:   29         SH:  0    Dex: 15    Spells: 1/6 levels left

rFire    . . .     SeeInvis .   a - +0 falchion
rCold    . . .     Gourm    .   (no shield)
rNeg     . . .     Faith    .   b - +0 ring mail (curse)
rPois    .         Spirit   .   g - +2 helmet {Int+3}
rElec    .         Reflect  .   (no cloak)
rCorr    .         Harm     .   (no gloves)
MR       .....                  (no boots)
Stlth    +.........             (no amulet)
HPRegen  1.09/turn              (no ring)
MPRegen  0.10/turn              (no ring)

@: shrouded (expiring)
A: thin skeletal structure 1, powered by death 1
a: no special abilities


You were on level 2 of the Dungeon.
You were hungry.

You visited 1 branch of the dungeon, and saw 2 of its levels.

You collected 29 gold pieces.

Inventory:

Hand Weapons
 a - a +0 falchion (weapon)
Armour
 b - a cursed +0 ring mail (worn)
 g - a +2 helmet of intelligence (worn)
Scrolls
 e - 2 scrolls of remove curse {unknown}
Potions
 f - a potion of lignification {unknown}
Books
 c - a book of Battle

   Spells                             Type                      Level
   a - Infusion                       Charms                       1
   b - Shroud of Golubria             Charms/Translocation         2
   c - Song of Slaying                Charms                       2
   d - Spectral Weapon                Hexes/Charms                 3
   e - Regeneration                   Charms/Necromancy            3
Comestibles
 d - 2 rations


   Skills:
 + Level 2.3 Fighting
 + Level 2.1 Long Blades
 * Level 1.8 Armour
 - Level 1.7 Dodging
 - Level 2.0 Spellcasting
 + Level 3.0 Charms


You had one spell level left.
You knew the following spells:

 Your Spells              Type           Power        Failure   Level  Hunger
a - Shroud of Golubria    Chrm/Tloc      #.........   36%         2    ###....
b - Song of Slaying       Chrm           ##......     21%         2    ###....
c - Infusion              Chrm           ##..         13%         1    #......


Dungeon Overview and Level Annotations

Branches:
Dungeon (2/15)

Altars:


Innate Abilities, Weirdness & Mutations

You have a somewhat thin skeletal structure. (Dex +2, Stealth)
You regenerate a little health from kills.


Message History

Casting: Shroud of Golubria
Confirm with . or Enter, or press ? or * to list all spells.
Space distorts slightly along a thin shroud covering your body.
You climb downwards.
The adder closely misses you. The adder bites you but does no damage.
There is a stone staircase leading up here.
You hit the adder.
The adder is moderately wounded.
Your shroud begins to fray at the edges.
The adder bites you but does no damage. x2
You slash the adder!
You kill the adder!
Your Charms skill increases to level 3!
You have reached level 3!
Your experience leads to an increase in your attributes!
Your base attributes are Str 11, Int 14, Dex 12.
Increase (S)trength, (I)ntelligence, or (D)exterity?
You feel agile.
Your demonic ancestry asserts itself...
Your bones become slightly less dense.
Are you sure you want to abandon this character and quit the game? (Confirm with "yes".)

#...... #......# ....
#...... ... #..?..#
+#..##.....#### .
....+........
..#+##..#...#.#.#
........#....@#.####..
......#......).÷......
.#....÷.........######
....................
................####
......#.#.###.#.#
..#+#.#.#+# #.#.# .
#.... ).#.. ###..
..####


There were no monsters in sight!

Vanquished Creatures
  2 adders (D:2)
  A leopard gecko (D:1)
  A goblin (D:1)
  A hobgoblin (D:2)
  A ball python (D:1)
  2 bats (D:1)
  A frilled lizard (D:1)
  4 kobolds (D:1)
  2 rats
15 creatures vanquished.

Notes
Turn   | Place    | Note
-------+----------+-------------------------------------------
     0 | D:1      | Ivernyr the Demonspawn Skald began the quest for the Orb.
     0 | D:1      | Reached XP level 1. HP: 16/16 MP: 3/3
    48 | D:1      | Reached skill level 1 in Armour
   301 | D:1      | Gained mutation: You regenerate a little health from kills. [demonic ancestry]
   301 | D:1      | Reached XP level 2. HP: 20/22 MP: 5/5
  1015 | D:1      | Learned a level 2 spell: Song of Slaying
  1018 | D:1      | Learned a level 2 spell: Shroud of Golubria
  1075 | D:2      | Reached skill level 3 in Charms
  1075 | D:2      | Gained mutation: You have a somewhat thin skeletal structure. (Dex +2, Stealth) [demonic ancestry]
  1075 | D:2      | Reached XP level 3. HP: 28/28 MP: 3/6
  1076 | D:2      | Quit the game

Skill      XL: |  1  2 |
---------------+-------+-----
Armour         | 1 |  1.8
Long Blades    | 2 |  2.1
Charms         | 3 |  3.0
Fighting       | |  2.3
Dodging        | |  1.7
Spellcasting   | |  2.0

Action                   || total
-------------------------++-------
Melee: Falchion          ||    44
 Cast: Shroud of Golubri ||     1
       Infusion          ||     1
Armor: Leather armour    ||    11
       Ring mail         ||    18
Dodge: Dodged            ||    30
       Rpst.: Falchion   ||    13
